Map: Catalyst LE

Players

sOs - Winner!

  • Race: Protoss Protoss
  • Spawn Location: 11:00

HeRoMaRinE

  • Race: Terran Terran
  • Spawn Location: 5:00

Event: IEM Season 12 - Katowice

VOD

Have the link to the VOD?

Description

Time

  • Played on: March 2, 2018, 3:56 p.m.
  • Length: 5:42

All games in this series

Show
View Real Time Build Order
Export as new Build Order

sOs Protoss - Winner!

Build Orders: Blink Stalkers 

Get SALT Encoding   

  12  0:00  Probe  
  13  0:12  Probe  
  14  0:17  Pylon  
  14  0:25  Probe  
  15  0:37  Gateway  
  15  0:38  Probe (Chrono Boost)  
  16  0:48  Probe (Chrono Boost)  
  16  0:49  Assimilator  
  17  0:53  Probe (Chrono Boost)  
  18  1:05  Probe  
  19  1:14  Pylon  
  19  1:17  Probe  
  20  1:23  Zealot  
  22  1:25  Cybernetics Core  
  22  1:29  Probe  
  23  1:55  Nexus  
  23  1:59  Stalker (Chrono Boost)  
  23  2:04  Warp Gate  
  23  2:06  Probe  
  26  2:15  Assimilator  
  26  2:18  Probe  
  27  2:24  Stalker  
  29  2:30  Pylon  
  29  2:34  Probe  
  30  2:50  Probe  
  31  2:58  Twilight Council  
  31  3:02  Probe (Chrono Boost)  
  32  3:11  Probe (Chrono Boost)  
  34  3:13  Gateway  
  34  3:14  Probe (Chrono Boost), Gateway  
  34  3:18  Probe  
  35  3:25  Blink (Chrono Boost)  
  33  3:29  Stalker  
  33  3:32  Shield Battery  
  36  3:38  Probe  
  36  3:40  Probe  
  37  3:51  Probe  
  37  3:52  Probe  
  37  3:53  Pylon  
  39  4:03  Probe  
  39  4:04  Probe  
  41  4:11  Stalker x3  
  41  4:16  Probe  
  47  4:17  Probe  
  48  4:30  Probe x2  
  50  4:34  Stalker  
  50  4:35  Stalker x2  
  50  4:37  Pylon  
  56  4:52  Robotics Facility  
  56  4:56  Probe  
  53  5:11  Zealot, Stalker x2  
  53  5:14  Probe x2, Shield Battery  
  61  5:15  Assimilator  
  61  5:17  Assimilator  
  61  5:26  Probe x2  
  55  5:40  Nexus  
Show
View Real Time Build Order
Export as new Build Order

HeRoMaRinE Terran 

Build Orders: Cyclone Opening 

Get SALT Encoding   

  12  0:00  SCV  
  13  0:12  SCV  
  14  0:17  Supply Depot  
  14  0:24  SCV  
  15  0:29  Refinery  
  15  0:39  SCV  
  16  0:45  Barracks  
  16  0:51  SCV  
  17  1:03  SCV  
  18  1:15  SCV  
  19  1:32  Orbital Command, Marine  
  20  1:47  Command Center  
  20  1:58  Factory  
  20  2:02  SCV  
  20  2:08  Refinery  
  21  2:09  Barracks Reactor  
  21  2:14  SCV  
  22  2:21  Supply Depot  
  22  2:26  SCV  
  23  2:42  SCV  
  24  2:48  Cyclone  
  24  2:50  Marine x2  
  29  2:55  SCV, Command Center  
  28  3:07  SCV  
  28  3:08  Marine x2  
  31  3:22  SCV  
  29  3:34  Starport  
  29  3:38  Cyclone  
  31  3:46  Supply Depot  
  31  3:55  Barracks Tech Lab  
  31  4:06  Cyclone, SCV  
  35  4:10  Cyclone  
  35  4:13  Orbital Command  
  38  4:18  Medivac  
  38  4:22  Marauder  
  42  4:28  Concussive Shells  
  42  4:36  Engineering Bay  
  42  4:39  Hellion  
  42  4:43  Hellion  
  46  4:48  Marauder  
  45  5:05  Orbital Command  
  46  5:08  Cyclone  
  46  5:10  Marauder  
  46  5:11  SCV  
  51  5:23  SCV  

Tags
 
Add a new tag
Caveats
  • Supply blocks, unpowered buildings, or Contaminate may cause inaccurate times.
  • Supply counts are checked every 10 seconds.